 Dungeon Crawl Stone Soup version 0.23.1-44-gbd83930989 (webtiles) character file.

Game seed: 15625465419147723423

1472 PentaManta the Covert (level 8, -2/52 HPs)
             Began as an Octopode Fighter on Mar 30, 2019.
             Was an Initiate of Dithmenos.
             Slain by a killer bee (7 damage)
             ... on level 8 of the Dungeon.
             The game lasted 00:10:24 (7601 turns).

PentaManta the Covert (Octopode Fighter)            Turns: 7601, Time: 00:10:24

Health: -2/52      AC:  1    Str: 14 (15) XL:     8   Next: 78%
Magic:  8/8        EV: 14    Int: 11      God:    Dithmenos [......]
Gold:   465        SH:  9    Dex: 13      Spells: 7/7 levels left

rFire    . . .     SeeInvis .   a - +0 long sword (flame)
rCold    . . .     Gourm    .   b - +1 shield
rNeg     . . .     Faith    .   (helmet restricted)
rPois    .         Spirit   .   (no amulet)
rElec    .         Reflect  .   (no ring)
rCorr    .         Harm     .   (no ring)
MR       .....                  (no ring)
Stlth    +++++.....             (no ring)
HPRegen  0.17/turn              (no ring)
MPRegen  0.11/turn              (no ring)
                                (no ring)
                                (no ring)

@: lethally poisoned (-2 -> -6)
A: almost no armour, stealthy swim, amphibious, 8 rings, constrict 8, camouflage
1, gelatinous body 1
a: Renounce Religion


You were on level 8 of the Dungeon.
You worshipped Dithmenos.
Dithmenos was noncommittal.
You were hungry.

You visited 2 branches of the dungeon, and saw 9 of its levels.

You collected 465 gold pieces.

Inventory:

Hand Weapons
 a - a +0 long sword of flaming (weapon)
 l - a +1 dagger of venom
Missiles
 c - 5 tomahawks (quivered)
Armour
 b - a +1 shield (worn)
Jewellery
 u - an uncursed amulet of rage {unknown}
Wands
 k - a wand of iceblast (7)
 v - a wand of random effects (12)
Scrolls
 e - a scroll of amnesia
 f - 3 scrolls of immolation
 h - a scroll of blinking
 i - 3 scrolls of teleportation
 j - a scroll of enchant armour
 o - a scroll of identify
 t - a scroll of magic mapping
Potions
 g - a potion of heal wounds
 m - 2 potions of berserk rage {unknown}
 n - a potion of resistance {unknown}
 p - a potion of might
 q - a potion of mutation
 r - a potion of magic {unknown}
 s - 2 potions of curing
Comestibles
 d - 11 rations


   Skills:
 - Level 3.0 Fighting
 * Level 5.9 Long Blades
 + Level 6.1 Dodging
 - Level 10.1 Stealth
 - Level 3.0 Shields


You had 7 spell levels left.
You didn't know any spells.
Your spell library contained the following spells:

 Spells                   Type           Power        Failure   Level  Hunger
 Freeze                   Ice            #...         86%         1    ##.....
 Throw Frost              Conj/Ice       #.....       94%         2    ###....
 Ozocubu's Armour         Chrm/Ice       #.......     99%         3    ####...
 Summon Ice Beast         Ice/Summ       #.......     100%        4    #####..
 Throw Icicle             Conj/Ice       #.......     100%        4    #####..


Dungeon Overview and Level Annotations

Branches:
Dungeon (8/15)             Temple (1/1) D:4            Lair (0/6) D:8

Altars:
Ashenzari
Dithmenos
Elyvilon
Fedhas
Gozag
Hepliaklqana
Kikubaaqudgha
Makhleb
Nemelex Xobeh
Okawaru
Qazlal
Ru
Trog
Uskayaw
Vehumet
Wu Jian
Xom
Yredelemnul
Zin
The Shining One

Shops:
D:8 %

Annotations:
D:2 1 runed translucent door, Crazy Yiuf
D:6 2 transporters


Innate Abilities, Weirdness & Mutations

You cannot wear most types of armour.
You are very stealthy in the water. (Stealth+)
You are amphibious.
You can wear up to eight rings at the same time.
You can use your tentacles to constrict eight enemies at once.
Your skin changes colour to match your surroundings (Stealth+).
Your rubbery body absorbs attacks. (AC +1, EV +1)


Message History

Your grab misses the killer bee. The killer bee stings you.
You block the killer bee's attack.
You closely miss the killer bee. Your grab misses the killer bee.
Your squeeze misses the killer bee. The killer bee misses you.
The killer bee barely misses you.
You miss the killer bee. Your grab misses the killer bee.
You block the killer bee's attack. x2; The killer bee stings you!
You barely miss the killer bee. Your grab misses the killer bee.
Your squeeze misses the killer bee. You block the killer bee's attack.
The killer bee stings you!
You are poisoned.
The killer bee poisons you!
You barely miss the killer bee. Your grab misses the killer bee.
You feel sick. The killer bee stings you. x2
* * * LOW HITPOINT WARNING * * *
You closely miss the killer bee. You grab the killer bee.
You constrict the killer bee.
You feel sick. The killer bee stings you!
* * * LOW HITPOINT WARNING * * *
The killer bee stings you!
You die...

##PPP##.###.#####.#
.#...#..#.........#.#
...≈...#..#.........#
..###.....####.######
..........# #.#
..........# #.###
########### #...#
###.# ## #@# .. .
#y##.#.... #y....>.y.
####.#.y.. # .


You could see 2 killer bees.

Vanquished Creatures
  Sigmund (D:2)
  A hungry ghost (D:8)
  An orc warrior (D:7)
  An ogre (D:7)
  A centaur (D:7)
  A bullfrog (D:6)
  A water moccasin skeleton (D:4)
  A scorpion (D:5)
  A killer bee (D:8)
  A crimson imp (D:7)
  A hound (D:7)
  A jelly (D:7)
  4 orc priests
  2 iguanas
  2 orc wizards
  6 worker ants
  A killer bee zombie (D:7)
  A hound zombie (D:5)
  A howler monkey zombie (D:7)
  9 adders
  A shadow imp (D:5)
  2 oozes
  An adder skeleton (D:7)
  2 worms
  A dart slug (D:1)
  4 leopard geckos
  20 orcs
  2 ball pythons
  4 giant cockroaches
  7 goblins
  10 hobgoblins
  6 jackals
  3 quokkas
  5 bats
  4 frilled lizards
  6 kobolds
  4 rats
120 creatures vanquished.

Notes
Turn   | Place    | Note
-------+----------+-------------------------------------------
     0 | D:1      | PentaManta the Octopode Fighter began the quest for the
                  | Orb.
     0 | D:1      | Reached XP level 1. HP: 16/16 MP: 1/1
   109 | D:1      | Reached skill level 1 in Stealth
   267 | D:1      | Reached XP level 2. HP: 21/21 MP: 2/2
   323 | D:1      | Reached skill level 2 in Stealth
   693 | D:2      | Found a shattered altar of Ashenzari.
   738 | D:2      | Found a runed translucent door.
   739 | D:2      | Noticed Crazy Yiuf
   782 | D:2      | Found a basalt altar of Yredelemnul.
   827 | D:2      | Reached XP level 3. HP: 26/26 MP: 3/3
   836 | D:2      | Reached skill level 3 in Stealth
  1151 | D:2      | You fall through a shaft!
  1295 | D:2      | Found a white marble altar of Elyvilon.
  1330 | D:2      | Noticed Sigmund
  1337 | D:2      | Killed Sigmund
  1337 | D:2      | Reached skill level 5 in Stealth
  1337 | D:2      | Reached XP level 4. HP: 17/31 MP: 4/4
  1337 | D:2      | Reached XP level 5. HP: 20/36 MP: 5/5
  1726 | D:3      | Reached XP level 6. HP: 42/42 MP: 6/6
  1831 | D:3      | Reached skill level 6 in Stealth
  2662 | D:4      | Found a staircase to the Ecumenical Temple.
  2697 | Temple   | Entered the Ecumenical Temple
  3099 | D:4      | Reached skill level 7 in Stealth
  3099 | D:4      | Reached XP level 7. HP: 40/46 MP: 7/7
  3724 | D:5      | Entered Level 5 of the Dungeon
  4031 | D:5      | Found an opulent altar of Gozag.
  4058 | D:5      | Reached skill level 8 in Stealth
  4061 | D:5      | Reached skill level 5 in Dodging
  4443 | D:5      | Found a radiant altar of Vehumet.
  5067 | D:6      | Found a transporter.
  5071 | D:6      | Reached XP level 8. HP: 43/52 MP: 8/8
  5283 | D:7      | Reached skill level 9 in Stealth
  5540 | D:6      | Noticed a deep elf knight
  5572 | D:6      | Found a transporter.
  5840 | D:6      | Noticed a kobold demonologist
  5986 | D:7      | Reached skill level 5 in Long Blades
  6261 | D:7      | Found a burning altar of Makhleb.
  6315 | D:7      | Found a shadowy altar of Dithmenos.
  6315 | D:7      | Found an ancient bone altar of Kikubaaqudgha.
  6315 | D:7      | Found a hazy altar of Hepliaklqana.
  6366 | D:7      | Became a worshipper of Dithmenos the Shadowed
  6862 | D:7      | Reached skill level 10 in Stealth
  7479 | D:8      | Found Tuitec's Food Shop.
  7551 | D:8      | Found a staircase to the Lair.
  7601 | D:8      | Slain by a killer bee

Skill      XL: |  1  2  3  4  5  6  7  8 |
---------------+-------------------------+-----
Stealth        | 1 2 5 7 8 10 | 10.1
Long Blades    | 3 4 5 |  5.9
Dodging        | 4 5 6 |  6.1
Fighting       | |  3.0
Shields        | |  3.0

Action                   |  1- 3 |  4- 6 |  7- 9 || total
-------------------------+-------+-------+-------++-------
Melee: Long sword        |    57 |    88 |   145 ||   290
       Constrict         |    19 |    27 |    37 ||    83
       Tentacles         |     9 |    19 |    42 ||    70
  Use: Potion            |     1 |       |     3 ||     4
       Scroll            |       |       |    12 ||    12
 Stab: Sleeping          |     9 |    11 |    18 ||    38
       Distracted        |       |     2 |     2 ||     4
  Eat: Chunk             |     1 |     5 |     7 ||    13
       Ration            |       |       |     3 ||     3
Armor: Skin              |     2 |     7 |     3 ||    12
Dodge: Dodged            |    20 |    30 |    69 ||   119
Block: Shield            |    17 |    34 |    59 ||   110
       Rpst.: Long sword |     8 |    11 |    24 ||    43
